[Event "Titled Tuesday Blitz January 18 2022"]
[White "Dounis, Alexandros"]
[Black "Tanenbaum, Zachary"]
[WhiteFideId "4213238"]
[BlackFideId "2060850"]
[WhiteElo "2195"]
[BlackElo "2168"]
[Result "0-1"]
[Round "07"]
[TimeControl "180+1"]
[Date "2022.01.18"]
[WhiteClock "0:00:19"]
[BlackClock "0:00:14"]

1. Nf3 d5 2. g3 Nf6 3. Bg2 c6 4. O-O Bf5 5. d3 Nbd7 6. c4 dxc4 7. dxc4 e5 8. Nc3 Be7 9. Nh4 Be6 10. Qc2 O-O 11. Nf5 Bb4 12. Rd1 Qc7 13. Bg5 h6 14. Bxf6 Nxf6 15. Ne3 Bc5 16. Rd3 Bxe3 17. Rxe3 Ng4 18. Rf3 Bxc4 19. Ne4 Bd5 20. h3 f5 21. Nc5 Bxf3 22. Bxf3 e4 23. hxg4 exf3 24. Ne6 Qf7 25. Nxf8 Rxf8 26. exf3 f4 27. gxf4 Qxf4 28. Qb3+ Qf7 29. Qxf7+ Kxf7 30. Rd1 Ke6 31. Kg2 Rf7 32. Kg3 Rd7 33. Re1+ Kf6 34. Re2 Rd3 35. Kf4 c5 36. Ke4 Rd4+ 37. Ke3 Ke5 38. Rc2 c4 39. a4 b6 40. Rc3 a6 41. b3 b5 42. axb5 axb5 43. bxc4 bxc4 44. Ra3 Rd3+ 45. Rxd3 cxd3 46. Kxd3 Kf4 47. Ke2 g5 48. Kf1 Kxf3 49. Kg1 Kxg4 50. Kg2 h5 51. Kh2 Kf3 52. Kg1 h4 53. Kf1 h3 54. Kg1 g4 55. Kh2 Kxf2 56. Kh1 h2 57. Kxh2 g3+ 58. Kh3 g2 0-1


[Site "https://www.chess.com"]

[Event "Titled Tuesday Blitz January 18 2022"]
[White "Erdogdu, Mert"]
[Black "Pichot, Alan"]
[WhiteFideId "6301495"]
[BlackFideId "110973"]
[WhiteElo "2707"]
[BlackElo "2902"]
[Result "1/2-1/2"]
[Round "07"]
[TimeControl "180+1"]
[Date "2022.01.18"]
[WhiteClock "0:00:04"]
[BlackClock "0:00:05"]

1. e4 c5 2. Nf3 e6 3. d4 cxd4 4. Nxd4 Nc6 5. Nc3 Qc7 6. Be3 a6 7. Qd2 Nf6 8. O-O-O Be7 9. f3 h5 10. Qf2 Ne5 11. Nb3 b5 12. Bb6 Qb8 13. Bd4 Bb7 14. Na5 Bc8 15. Kb1 d6 16. h3 Bd7 17. Bd3 b4 18. Ne2 Bb5 19. f4 Nxd3 20. cxd3 Bd8 21. Nb3 a5 22. g4 a4 23. Nbc1 hxg4 24. hxg4 Rxh1 25. Rxh1 Nxg4 26. Rh8+ Kd7 27. Qg2 f5 28. exf5 exf5 29. Qd5 g6 30. Qf7+ Kc6 31. Bg1 Qc7 32. Nd4+ Kb7 33. Qxc7+ Kxc7 34. Nxb5+ Kc6 35. Nd4+ Kd5 36. Nf3 Rc8 37. Ne2 Kc6 38. Ned4+ Kd7 39. Nc2 b3 40. axb3 axb3 41. Ncd4 Rc5 42. Nxb3 Rb5 43. Kc2 Bf6 44. Rh7+ Ke8 45. Bd4 Be7 46. Bc3 Ne3+ 47. Kd2 Nd5 48. Nbd4 Rb7 49. Rh8+ Kd7 50. Rh7 Nxf4 51. Kc2 Nd5 52. Bd2 Rc7+ 53. Kd1 Kc8 54. Bg5 Bxg5 55. Rxc7+ Kxc7 56. Nxg5 Kb6 57. Nge6 Ne7 58. Kd2 Nd5 59. Kc2 f4 60. Ng5 Kc5 61. Ngf3 g5 62. Ne6+ Kb4 63. Nexg5 Ne3+ 64. Kd2 Kb3 65. Ne4 d5 66. Nc5+ Kxb2 67. Ne6 Ng2 68. Nfd4 Ka3 69. Nc7 Kb4 70. Nxd5+ Kc5 71. Nxf4 Nxf4 72. Nb3+ Kb4 73. Ke3 Nxd3 1/2-1/2


[Site "https://www.chess.com"]

[Event "Titled Tuesday Blitz January 18 2022"]
[White "Evdokimov, Alexander A."]
[Black "Visakh N R"]
[WhiteFideId "4139275"]
[BlackFideId "25012223"]
[WhiteElo "2444"]
[BlackElo "2454"]
[Result "1-0"]
[Round "07"]
[TimeControl "180+1"]
[Date "2022.01.18"]
[WhiteClock "0:00:11"]
[BlackClock "0:00:14"]

1. d4 d6 2. Nf3 Nf6 3. Nc3 g6 4. e4 Bg7 5. h3 O-O 6. Be2 e5 7. dxe5 dxe5 8. Qxd8 Rxd8 9. O-O Re8 10. Bg5 h6 11. Be3 c6 12. a4 Nh5 13. Rfd1 Nf4 14. Bf1 Na6 15. Nd2 Nb4 16. Rac1 Be6 17. Kh2 g5 18. g3 Ng6 19. Nc4 b6 20. Rd2 Red8 21. Rcd1 Rxd2 22. Rxd2 Bf8 23. Nb1 Na6 24. Nd6 Nc7 25. Nf5 Ne7 26. Nd6 Rd8 27. Nc4 Rxd2 28. Nbxd2 f6 29. c3 Nc8 30. b4 Kf7 31. Be2 Nd6 32. Nxd6+ Bxd6 33. Bc4 Bxc4 34. Nxc4 Be7 35. Kg2 Ke6 36. Kf3 h5 37. Ke2 Ne8 38. Kd3 Nd6 39. Nxd6 Bxd6 40. Kc4 g4 41. hxg4 hxg4 42. b5 c5 43. Bh6 Be7 44. Be3 Bd6 45. Bd2 Bf8 46. Be3 Be7 47. Bc1 Bf8 48. Bd2 Bg7 49. Kd3 Bf8 50. Be3 Bg7 51. Kc4 Bf8 52. a5 Be7 53. a6 Bf8 54. Bd2 Be7 55. Bh6 Bd6 56. Kd3 Be7 57. Ke2 f5 58. Kd3 Bd6 59. Bg7 f4 60. Bh6 fxg3 61. fxg3 Be7 62. Ke3 Bf6 63. Kd3 Be7 64. Be3 Bf8 65. Kc4 Kd6 66. Bxc5+ 1-0


[Site "https://www.chess.com"]

[Event "Titled Tuesday Blitz January 18 2022"]
[White "Ezat, Mohamed"]
[Black "Pajeken, Jakob Leon"]
[WhiteFideId "10600906"]
[BlackFideId "12942839"]
[WhiteElo "2386"]
[BlackElo "2351"]
[Result "1-0"]
[Round "07"]
[TimeControl "180+1"]
[Date "2022.01.18"]
[WhiteClock "0:00:18"]
[BlackClock "0:00:29"]

1. d4 d5 2. c4 dxc4 3. e4 Nf6 4. e5 Nd5 5. Bxc4 Bf5 6. Nf3 e6 7. Nc3 Nb6 8. Bb3 Nc6 9. O-O Be7 10. a4 Na5 11. Ba2 Qd7 12. Bg5 h6 13. Bxe7 Qxe7 14. d5 O-O 15. Nd4 Nac4 16. Nxf5 exf5 17. Re1 Nxe5 18. Qd4 Rfe8 19. f4 Nf3+ 20. gxf3 Qxe1+ 21. Rxe1 Rxe1+ 22. Kf2 Rae8 23. a5 Nc8 24. Bc4 Rh1 25. Kg2 Rc1 26. Bd3 Nd6 27. Qxa7 Ree1 28. Qb8+ Kh7 29. Qxc7 Ne8 30. Qxf7 Nd6 31. Qd7 Rg1+ 32. Kf2 Rg6 33. Bxf5 Nxf5 34. Qxf5 Rg1 35. d6 Kg8 36. d7 R1g2+ 37. Ke3 Rd6 38. Qd5+ Rxd5 39. Nxd5 1-0


[Site "https://www.chess.com"]

[Event "Titled Tuesday Blitz January 18 2022"]
[White "Fernandez, Michael"]
[Black "Csonka, Balazs"]
[WhiteFideId "5803560"]
[BlackFideId "742910"]
[WhiteElo "2110"]
[BlackElo "2404"]
[Result "0-1"]
[Round "07"]
[TimeControl "180+1"]
[Date "2022.01.18"]
[WhiteClock "0:00:09"]
[BlackClock "0:00:03"]

1. c4 c6 2. g3 d5 3. Bg2 dxc4 4. Nf3 b5 5. a4 Bb7 6. b3 cxb3 7. Qxb3 a6 8. Nc3 e6 9. O-O Nf6 10. Ba3 Bxa3 11. Rxa3 O-O 12. d4 Nbd7 13. e4 c5 14. e5 Nd5 15. axb5 Nxc3 16. Qxc3 axb5 17. Rxa8 Qxa8 18. dxc5 Rc8 19. Ra1 Qb8 20. Qb4 Bxf3 21. Bxf3 Qxe5 22. Rb1 Qxc5 23. Qxb5 Qxb5 24. Rxb5 Kf8 25. Kg2 h6 26. Rb7 Ke7 27. Ra7 Kd6 28. Ra6+ Ke7 29. Ra7 Kd8 30. h4 Rc7 31. Ra8+ Ke7 32. Ra6 Nf6 33. Ra2 Rd7 34. Kf1 Kf8 35. Ke2 g6 36. Bc6 Rc7 37. Bb5 Kg7 38. Rd2 Nd5 39. Bd3 g5 40. hxg5 hxg5 41. Kf3 Nb4 42. Be2 f5 43. Kg2 Kf6 44. Rb2 Nc6 45. Rb6 Nd4 46. Bd3 Rc6 47. Rxc6 Nxc6 48. Bc2 g4 49. Bd1 Nd4 50. Kf1 e5 51. Ke1 e4 52. Kd2 Ke5 53. Ke3 Nb5 54. Be2 Nc3 55. Bc4 Nd1+ 56. Ke2 Nb2 57. Bb5 Kd4 58. Bd7 Ke5 59. Bb5 f4 60. gxf4+ Kxf4 61. Bd7 Nd3 62. Bc8 Nc1+ 63. Kd1 Nb3 64. Ke2 Nd4+ 65. Ke1 Nf5 66. Ke2 Nd6 67. Bd7 Nf7 68. Be6 Ng5 69. Bc8 Nf3 70. Bd7 Ng1+ 71. Kf1 Nh3 72. Bc8 Kf3 73. Ke1 Nxf2 74. Bb7 g3 0-1


[Site "https://www.chess.com"]

[Event "Titled Tuesday Blitz January 18 2022"]
[White "Gelman, Alexander"]
[Black "Nguyen Hong Nhung"]
[WhiteFideId "4118316"]
[BlackFideId "12412201"]
[WhiteElo "2375"]
[BlackElo "1661"]
[Result "0-1"]
[Round "07"]
[TimeControl "180+1"]
[Date "2022.01.18"]
[WhiteClock "0:00:01"]
[BlackClock "0:00:11"]

1. d4 f5 2. g4 fxg4 3. h3 g3 4. fxg3 Nf6 5. Nc3 d5 6. Bg5 Bf5 7. g4 Bg6 8. Nf3 Nbd7 9. Qd2 c6 10. Bg2 Qb6 11. O-O-O O-O-O 12. Nh4 e5 13. Nxg6 hxg6 14. e3 Bd6 15. Rhf1 e4 16. Ne2 Nh7 17. Bxd8 Qxd8 18. Nf4 g5 19. Ng6 Re8 20. c4 Re6 21. cxd5 cxd5 22. Ne5 Nxe5 23. dxe5 Rxe5 24. Kb1 Nf6 25. Rf5 Rxf5 26. gxf5 Be5 27. Qb4 Kb8 28. Bxe4 a5 29. Qb5 Nxe4 30. Rxd5 Qc8 31. Qd3 Qxf5 32. a3 Nd2+ 33. Ka2 Qxd3 34. Rxd3 Nc4 35. b3 Nb6 36. Rd8+ Kc7 37. Re8 Bf6 38. Kb1 Nd5 39. Kc2 Kd7 40. Rb8 Kc7 0-1


[Site "https://www.chess.com"]

[Event "Titled Tuesday Blitz January 18 2022"]
[White "Girya, Olga"]
[Black "Yeletsky, Ivan"]
[WhiteFideId "4195752"]
[BlackFideId "24180327"]
[WhiteElo "2275"]
[BlackElo "2348"]
[Result "0-1"]
[Round "07"]
[TimeControl "180+1"]
[Date "2022.01.18"]
[WhiteClock "0:00:01"]
[BlackClock "0:01:04"]

1. d4 Nf6 2. Nf3 e6 3. c4 Bb4+ 4. Bd2 Qe7 5. g3 Nc6 6. Nc3 d5 7. cxd5 exd5 8. Bg2 O-O 9. O-O Re8 10. e3 Bg4 11. Qc2 Rad8 12. Rfc1 Bxc3 13. Bxc3 Ne4 14. Be1 h5 15. Nd2 h4 16. f3 Nxd2 17. Bxd2 h3 18. Bh1 Bc8 19. b4 a6 20. a4 Qf6 21. Qc3 Rd7 22. b5 Nd8 23. bxa6 Qxa6 24. Re1 Ne6 25. f4 c6 26. Bf3 g6 27. Be2 Qa7 28. Bg4 Ng7 29. Bxh3 Rde7 30. Bg2 Bf5 31. Qc5 Qa8 32. a5 Be4 33. Bf1 Qc8 34. a6 bxa6 35. Rxa6 Qg4 36. Rxc6 Qf3 37. Rc1 Nf5 38. Rc8 Nxe3 39. Rxe8+ Rxe8 40. Qc2 Qh1+ 0-1


[Site "https://www.chess.com"]

[Event "Titled Tuesday Blitz January 18 2022"]
[White "Guseva, Marina"]
[Black "Petrovskyi, Vadym"]
[WhiteFideId "4149351"]
[BlackFideId "14165210"]
[WhiteElo "2232"]
[BlackElo "2424"]
[Result "0-1"]
[Round "07"]
[TimeControl "180+1"]
[Date "2022.01.18"]
[WhiteClock "0:00:05"]
[BlackClock "0:00:21"]

1. d4 Nf6 2. c4 g6 3. Nf3 Bg7 4. g3 O-O 5. Bg2 d6 6. O-O Nbd7 7. Nc3 e5 8. e4 c6 9. h3 Qb6 10. c5 dxc5 11. dxe5 Ne8 12. Na4 Qb5 13. Qc2 Nxe5 14. Nxe5 Bxe5 15. Nxc5 Nd6 16. Rb1 b6 17. Nd3 Bg7 18. b3 Ba6 19. Rd1 Rac8 20. a4 Qh5 21. Nf4 Qe5 22. Bb2 Qe7 23. Bxg7 Kxg7 24. Re1 Rfd8 25. Rbd1 Qe5 26. Nd3 Qe7 27. Qc3+ Kg8 28. Nf4 Bb7 29. h4 c5 30. h5 Ne8 31. hxg6 hxg6 32. Nd5 Bxd5 33. exd5 Qd6 34. Bf3 Nf6 35. Kg2 Re8 36. Rh1 Kg7 37. g4 Re5 38. Qc1 Ng8 39. Qc3 Re8 40. Rh4 g5 41. Rh5 Nf6 42. Rh3 Rh8 43. Rdh1 Rxh3 44. Rxh3 Nxd5 45. Bxd5 Qxd5+ 46. Rf3 f6 47. Kg3 Qd6 48. Kg2 Re4 49. Rg3 Qd5 50. f3 Re2+ 51. Kh3 Qd8 52. Rg2 Qh8+ 53. Kg3 Qh4# 0-1


[Site "https://www.chess.com"]

[Event "Titled Tuesday Blitz January 18 2022"]
[White "Harshavardhan G B"]
[Black "Chernobay, Artem"]
[WhiteFideId "25059009"]
[BlackFideId "4167406"]
[WhiteElo "1831"]
[BlackElo "2473"]
[Result "1-0"]
[Round "07"]
[TimeControl "180+1"]
[Date "2022.01.18"]
[WhiteClock "0:01:45"]
[BlackClock "0:00:02"]

1. d4 Nf6 2. c4 g6 3. h4 Bg7 4. Nc3 O-O 5. e4 d6 6. Nf3 e5 7. d5 a5 8. Be2 Na6 9. Bg5 h6 10. Be3 Ng4 11. h5 Nxe3 12. fxe3 Bg4 13. Nd2 Bd7 14. Bf3 Nb4 15. Qb1 Qg5 16. Nf1 Bg4 17. a3 Bxf3 18. gxf3 Na6 19. Qc2 Nc5 20. O-O-O gxh5 21. Kb1 f5 22. Qh2 fxe4 23. fxe4 Rf3 24. Rg1 Qf6 25. Ng3 Rf2 26. Qh3 Qf3 27. Qh4 Kh8 28. Nxh5 Bf8 29. Nf4 Bg7 30. Rxg7 Kxg7 31. Qe7+ Kh8 32. Qf6+ Kh7 33. Qf7+ Kh8 34. Ng6# 1-0


[Site "https://www.chess.com"]

[Event "Titled Tuesday Blitz January 18 2022"]
[White "Hasangatin, Ramil"]
[Black "Demchenko, Anton"]
[WhiteFideId "4122160"]
[BlackFideId "4160258"]
[WhiteElo "2651"]
[BlackElo "2877"]
[Result "0-1"]
[Round "07"]
[TimeControl "180+1"]
[Date "2022.01.18"]
[WhiteClock "0:00:01"]
[BlackClock "0:00:03"]

1. d4 Nf6 2. Nc3 d5 3. Bg5 h6 4. Bxf6 exf6 5. e3 c6 6. Nf3 Bd6 7. Bd3 O-O 8. Ne2 Qb6 9. b3 Re8 10. O-O Nd7 11. c4 dxc4 12. bxc4 c5 13. Nc3 Qa5 14. Nd5 Nb6 15. Nxb6 axb6 16. Nd2 Bc7 17. Nb3 Qa3 18. Qf3 Rb8 19. Bf5 Qb4 20. Bxc8 Rexc8 21. Rac1 Bd6 22. Qd5 Bf8 23. Rc2 Rc7 24. Rfc1 Rbc8 25. g3 g6 26. Kg2 f5 27. h4 h5 28. Nd2 Qa4 29. Nf3 Rd7 30. Qe5 Qc6 31. d5 Qa4 32. Qf6 Rd6 33. Qb2 Ra8 34. Qb3 Qe8 35. Kg1 Ra6 36. Rb1 Rd8 37. Qd3 Rda8 38. Rcb2 Qd8 39. Rb3 Bd6 40. Ng5 Bc7 41. e4 fxe4 42. Qxe4 Qe8 43. Qf3 Rxa2 44. d6 Bxd6 45. Qxb7 R8a7 46. Qd5 Bf8 47. Rf3 Rd7 48. Qe4 Qxe4 49. Nxe4 Bg7 50. Rxb6 Rd4 51. Nf6+ Bxf6 52. Rbxf6 Ra7 53. R6f4 Rxf4 54. Rxf4 Rd7 55. Kg2 Kf8 56. Re4 Rd3 57. Kf1 Rd2 58. Ke1 Rd6 59. Ke2 f6 60. Ke3 Kf7 61. f3 Rb6 62. g4 Rb3+ 63. Kf4 hxg4 64. fxg4 Rh3 65. Re1 Rxh4 66. Kg3 Rh8 67. Rd1 Re8 68. Rd5 Re5 69. Rd7+ Ke6 70. Rd8 g5 71. Re8+ Kd7 72. Rf8 Ke7 73. Rc8 Kd7 74. Rf8 Re6 0-1


[Site "https://www.chess.com"]

[Event "Titled Tuesday Blitz January 18 2022"]
[White "Holt, Conrad"]
[Black "Piesik, Piotr"]
[WhiteFideId "2034387"]
[BlackFideId "1136194"]
[WhiteElo "2586"]
[BlackElo "2232"]
[Result "1-0"]
[Round "07"]
[TimeControl "180+1"]
[Date "2022.01.18"]
[WhiteClock "0:02:37"]
[BlackClock "0:02:31"]

1. d4 Nf6 2. c4 e6 3. Nc3 Bb4 4. Qc2 d5 5. a3 Bxc3+ 6. Qxc3 dxc4 7. Qxc4 O-O 8. Nf3 b6 9. g3 Ba6 10. Qc2 Qe7 11. Bg2 Bb7 12. Bg5 c5 13. Bxf6 Qxf6 14. Ng5 Qxg5 15. Bxb7 Nd7 16. Bxa8 Rxa8 17. dxc5 Nxc5 18. O-O h5 19. b4 Nd7 20. Qc6 1-0


[Site "https://www.chess.com"]

[Event "Titled Tuesday Blitz January 18 2022"]
[White "Howell, David W L"]
[Black "Salinas Herrera, Pablo"]
[WhiteFideId "410608"]
[BlackFideId "3407128"]
[WhiteElo "3012"]
[BlackElo "2855"]
[Result "1-0"]
[Round "07"]
[TimeControl "180+1"]
[Date "2022.01.18"]
[WhiteClock "0:00:04"]
[BlackClock "0:00:02"]

1. e4 e5 2. Nf3 Nc6 3. Bc4 Bc5 4. O-O Nf6 5. d3 O-O 6. c3 d6 7. h3 Ne7 8. Re1 Ng6 9. Nbd2 Bb6 10. d4 c6 11. Bf1 Re8 12. a4 h6 13. Qc2 Be6 14. dxe5 dxe5 15. Nc4 Bc7 16. Be3 b5 17. axb5 cxb5 18. Ncd2 a6 19. Red1 Qb8 20. c4 b4 21. c5 a5 22. Bc4 Bxc4 23. Nxc4 b3 24. Qb1 a4 25. Nb6 Bxb6 26. cxb6 Qb7 27. Nd2 Rec8 28. Qd3 Nf8 29. Nc4 Nxe4 30. Nxe5 Nc5 31. Qd5 Qxd5 32. Rxd5 Nb7 33. Nd3 Rc2 34. Rd4 a3 35. bxa3 Ra2 36. Rb1 R2xa3 37. Rb4 Ne6 38. R4xb3 Rxb3 39. Rxb3 Kf8 40. g4 Ke7 41. Kg2 Kd6 42. Rc3 Ra4 43. Kg3 g5 44. f4 f6 45. f5 Ned8 46. Nc5 Ra2 47. Nxb7+ Nxb7 48. Bd4 Ra6 49. h4 Kd5 50. Bxf6 gxh4+ 51. Kxh4 Rxb6 52. Bg7 Nd6 53. Rh3 Ne4 54. Kh5 Nf2 55. Rh4 Rc6 56. Bxh6 Ne4 57. g5 Ng3+ 58. Kg4 Ne4 59. g6 Rc4 60. Bf4 Nf6+ 61. Kg5 Ne4+ 62. Kh6 Rc6 63. Kh5 Nf6+ 64. Kg5 Ne4+ 65. Kh6 Nf6 66. Bg5 Ne4 67. Rh5 Ke5 68. Kh7 Kxf5 69. g7 Rc7 70. Kh8 Kg6 71. g8=Q+ Kxh5 72. Bd8 Rc5 73. Qe8+ Kh6 74. Qxe4 Rc8 75. Qe6+ 1-0


[Site "https://www.chess.com"]

[Event "Titled Tuesday Blitz January 18 2022"]
[White "Iljin, Timofey"]
[Black "Klimkowski, Jan"]
[WhiteFideId "14110180"]
[BlackFideId "21856222"]
[WhiteElo "2396"]
[BlackElo "2172"]
[Result "0-1"]
[Round "07"]
[TimeControl "180+1"]
[Date "2022.01.18"]
[WhiteClock "0:00:04"]
[BlackClock "0:02:02"]

1. e4 c5 2. c3 d5 3. exd5 Qxd5 4. d4 Nc6 5. Nf3 Bf5 6. Be2 Bxb1 7. Rxb1 cxd4 8. cxd4 e6 9. O-O Nf6 10. Be3 Bd6 11. Rc1 O-O 12. a3 h6 13. h3 Rac8 14. Bd3 Na5 15. Qa4 a6 16. b4 Nc4 17. Bxc4 Rxc4 18. Rxc4 Qxc4 19. Rc1 Qd5 20. Qc2 Rd8 21. Qe2 a5 22. Qb2 a4 23. Qd2 g5 24. Rc2 Qb3 25. h4 g4 26. Bxh6 Ne4 27. Qc1 gxf3 28. Rc8 Rxc8 29. Qxc8+ Kh7 30. g3 Qd1+ 31. Kh2 Qf1 32. Qc2 Qg2# 0-1


[Site "https://www.chess.com"]

[Event "Titled Tuesday Blitz January 18 2022"]
[White "Iskusnyh, Sergei"]
[Black "Shkapenko, Pavel"]
[WhiteFideId "4120027"]
[BlackFideId "4151933"]
[WhiteElo "2492"]
[BlackElo "2386"]
[Result "0-1"]
[Round "07"]
[TimeControl "180+1"]
[Date "2022.01.18"]
[WhiteClock "0:00:13"]
[BlackClock "0:00:11"]

1. d4 Nf6 2. c4 e6 3. g3 Bb4+ 4. Bd2 Qe7 5. Bg2 Nc6 6. e3 e5 7. d5 Bxd2+ 8. Qxd2 Nb8 9. Nc3 d6 10. Nge2 Nbd7 11. Nb5 Nc5 12. b4 Nce4 13. Qb2 a6 14. Nbc3 Nxc3 15. Nxc3 O-O 16. O-O Bf5 17. e4 Bd7 18. Rae1 c6 19. f4 Rac8 20. Qb3 Rfe8 21. Kh1 Qd8 22. dxc6 Bxc6 23. b5 Bd7 24. Rd1 Be6 25. fxe5 Bxc4 26. Qb2 Rxe5 27. Rf2 Qe7 28. Rfd2 d5 29. bxa6 bxa6 30. Qb6 Re6 31. Qa5 h6 32. h3 dxe4 33. Rd8+ Rxd8 34. Qxd8+ Qxd8 35. Rxd8+ Kh7 36. Rd4 Bd3 37. g4 Re5 38. Kh2 Bc2 39. Kg3 e3 40. Ne2 Bb1 41. a3 Re7 42. Bf3 Ba2 43. Rd3 Bc4 44. Rc3 Bxe2 45. Bxe2 Ne4+ 46. Kf4 Nxc3 47. Bd3+ g6 0-1


[Site "https://www.chess.com"]

[Event "Titled Tuesday Blitz January 18 2022"]
[White "Jary, Sergey"]
[Black "Vignesh, N R"]
[WhiteFideId "14110350"]
[BlackFideId "25012215"]
[WhiteElo "2260"]
[BlackElo "2395"]
[Result "1-0"]
[Round "07"]
[TimeControl "180+1"]
[Date "2022.01.18"]
[WhiteClock "0:01:31"]
[BlackClock "0:01:18"]

1. e4 c6 2. d4 d5 3. Nd2 dxe4 4. Nxe4 Bf5 5. Ng3 Bg6 6. Bc4 e6 7. N1e2 Bd6 8. h4 h5 9. Nf4 Bxf4 10. Bxf4 Nf6 11. Qd2 Ne4 12. Nxe4 Bxe4 13. f3 Bd5 14. Bd3 b5 15. b3 e5 16. Bxe5 f6 17. Bg3 Kf7 18. c4 bxc4 19. bxc4 Be6 20. Qc3 Nd7 21. O-O Nb6 22. Rfe1 Na4 23. Qb3 Qxd4+ 24. Bf2 Nc5 25. Bxd4 Nxb3 26. axb3 Rhd8 27. Be4 Rxd4 28. Bxc6 1-0


[Site "https://www.chess.com"]

[Event "Titled Tuesday Blitz January 18 2022"]
[White "Jobava, Baadur"]
[Black "Kucuksari, Kaan"]
[WhiteFideId "13601520"]
[BlackFideId "6380166"]
[WhiteElo "2914"]
[BlackElo "2730"]
[Result "1-0"]
[Round "07"]
[TimeControl "180+1"]
[Date "2022.01.18"]
[WhiteClock "0:00:41"]
[BlackClock "0:00:01"]

1. e4 c5 2. c3 e6 3. d4 d5 4. e5 Nc6 5. Nf3 Qb6 6. a3 Nge7 7. dxc5 Qxc5 8. Be3 Qa5 9. Bd3 Ng6 10. Bxg6 hxg6 11. Nbd2 Qc7 12. Bd4 b6 13. O-O Ba6 14. Re1 Bd3 15. Re3 Bf5 16. h3 Be7 17. Qe2 g5 18. Nh2 Rh4 19. Ndf3 Re4 20. Rd1 O-O-O 21. b4 Kb7 22. a4 Rc8 23. a5 Nxd4 24. Nxd4 Rxe3 25. a6+ Kb8 26. Qxe3 Qxc3 27. b5 Qxe3 28. fxe3 Bc5 29. Nhf3 g4 30. hxg4 Bxg4 31. Nc6+ Ka8 32. Kf2 Rh8 33. Rd2 Bf5 34. Nfd4 Be4 35. Kg3 Rh6 36. Rf2 Rg6+ 37. Kh2 f5 38. exf6 Bd6+ 39. Kg1 Rxf6 40. Rxf6 gxf6 41. Nxe6 Bd3 42. Ned4 Be5 43. Kf2 Be4 44. g4 Bd6 45. Ke2 Bc7 46. Nf5 Be5 47. Ng7 Bc7 48. Ne8 Bg3 49. Nxf6 1-0


[Site "https://www.chess.com"]

[Event "Titled Tuesday Blitz January 18 2022"]
[White "Kalogridis, Antonios"]
[Black "Tregubov, Pavel V."]
[WhiteFideId "25833901"]
[BlackFideId "4115341"]
[WhiteElo "1495"]
[BlackElo "2341"]
[Result "0-1"]
[Round "07"]
[TimeControl "180+1"]
[Date "2022.01.18"]
[WhiteClock "0:00:10"]
[BlackClock "0:00:06"]

1. d4 Nf6 2. c4 e6 3. Nc3 Bb4 4. e3 O-O 5. Bd3 d5 6. Nf3 b6 7. O-O Bb7 8. cxd5 exd5 9. Ne5 c5 10. f4 Nc6 11. Ne2 cxd4 12. exd4 Ne4 13. Be3 f6 14. Nxc6 Bxc6 15. Bxe4 dxe4 16. a3 Be7 17. Nc3 Bb7 18. d5 Rc8 19. Qb3 Kh8 20. Rfd1 Bc5 21. Nxe4 Bxe3+ 22. Qxe3 Rc2 23. Qb3 Re2 24. Nc3 Re3 25. Qb4 Rfe8 26. Kf2 Qc7 27. Re1 Rxe1 28. Rxe1 Rd8 29. Re7 Qb8 30. Qe4 Ba8 31. g3 h6 32. Qg6 Rg8 33. Qf7 Qd6 34. Qe6 Qc5+ 35. Qe3 Qd6 36. Re6 Qd7 37. Re7 Qd6 38. Re8 Bxd5 39. Rxg8+ Bxg8 40. Ke2 Bc4+ 41. Ke1 Qd8 42. Qd2 Qe7+ 43. Kd1 Qc5 44. Qd8+ Kh7 45. Qd2 Qg1+ 46. Kc2 Qc5 47. b3 Bf7 48. Qd3+ Bg6 0-1


[Site "https://www.chess.com"]

[Event "Titled Tuesday Blitz January 18 2022"]
[White "Kamsky, Gata"]
[Black "Farahat, Ali"]
[WhiteFideId "2000024"]
[BlackFideId "10600507"]
[WhiteElo "2645"]
[BlackElo "2321"]
[Result "1-0"]
[Round "07"]
[TimeControl "180+1"]
[Date "2022.01.18"]
[WhiteClock "0:00:37"]
[BlackClock "0:00:39"]

1. f4 d5 2. Nf3 Nc6 3. g3 Nf6 4. Bg2 Bg4 5. d3 Bxf3 6. Bxf3 e5 7. fxe5 Nxe5 8. Bg2 h5 9. Nc3 c6 10. d4 Ned7 11. e4 dxe4 12. Nxe4 Nxe4 13. Bxe4 Nf6 14. Bg2 h4 15. Qe2+ Be7 16. c3 Qa5 17. O-O hxg3 18. hxg3 Qh5 19. Qxh5 Nxh5 20. g4 Nf6 21. g5 Nd5 22. Re1 Kf8 23. Bd2 Rh4 24. Re4 Rxe4 25. Bxe4 Re8 26. Bd3 Bd6 27. Rf1 Ne3 28. Rf3 Nd1 29. Bc1 c5 30. d5 Re1+ 31. Rf1 Rxf1+ 32. Kxf1 Bg3 33. Bc2 Nf2 34. Be3 Ng4 35. Bxc5+ 1-0


[Site "https://www.chess.com"]

[Event "Titled Tuesday Blitz January 18 2022"]
[White "Kanyamarala, Tarun"]
[Black "Arabidze, Meri"]
[WhiteFideId "45004714"]
[BlackFideId "13604040"]
[WhiteElo "2144"]
[BlackElo "2329"]
[Result "1-0"]
[Round "07"]
[TimeControl "180+1"]
[Date "2022.01.18"]
[WhiteClock "0:00:03"]
[BlackClock "0:00:01"]

1. d4 f5 2. Nf3 Nf6 3. g3 e6 4. Bg2 d5 5. O-O Bd6 6. c4 c6 7. Nc3 O-O 8. Qc2 Qe7 9. Rb1 Bd7 10. c5 Bc7 11. Bf4 Bxf4 12. gxf4 Be8 13. b4 a6 14. a4 Ne4 15. Ne5 Nd7 16. Nd1 Kh8 17. Nb2 Rg8 18. Qc1 g5 19. f3 Nef6 20. fxg5 Nh5 21. f4 Nxe5 22. dxe5 a5 23. Nd3 axb4 24. Rxb4 Ra7 25. Qe3 h6 26. h4 Rg7 27. Kf2 Kg8 28. Bf3 Rh7 29. Rg1 hxg5 30. Rxg5+ Ng7 31. Rb1 Kh8 32. Qd4 Bh5 33. Bh1 Bg4 34. Kg3 Nh5+ 35. Kf2 Ra8 36. Bf3 Bxf3 37. Kxf3 Ng7 38. Rh1 Rg8 39. Qg1 Qf7 40. h5 Ne8 41. Rxg8+ Qxg8 42. Qxg8+ Kxg8 43. Ne1 Nc7 44. Nc2 Na6 45. Nd4 Nxc5 46. Rc1 b6 47. Nxc6 Rxh5 48. a5 Rh3+ 49. Kg2 Rb3 50. axb6 Ne4 51. Ne7+ Kf7 52. Rc7 Rb2 53. b7 Rxe2+ 54. Kg1 1-0


[Site "https://www.chess.com"]

[Event "Titled Tuesday Blitz January 18 2022"]
[White "Karas, Marek"]
[Black "Narayanan.S.L"]
[WhiteFideId "14928558"]
[BlackFideId "5058422"]
[WhiteElo "2499"]
[BlackElo "2863"]
[Result "0-1"]
[Round "07"]
[TimeControl "180+1"]
[Date "2022.01.18"]
[WhiteClock "0:00:31"]
[BlackClock "0:01:30"]

1. d4 Nf6 2. Nf3 d5 3. c4 e6 4. Nc3 h6 5. cxd5 exd5 6. Bf4 Bd6 7. Bxd6 Qxd6 8. e3 Bf5 9. Bd3 Bxd3 10. Qxd3 Nbd7 11. O-O O-O 12. Rac1 c6 13. a3 a5 14. Nd2 Rfe8 15. Na4 Re7 16. Nc5 Nxc5 17. Rxc5 a4 18. Rfc1 h5 19. Qf5 g6 20. Qh3 Kg7 21. Qg3 Qe6 22. R5c2 Qf5 23. h3 Ra6 24. Qf3 Qd3 25. Nb1 Ne4 26. Qe2 Qxe2 27. Rxe2 Nd6 28. Nd2 Rb6 29. Rc2 f6 30. Kf1 g5 31. g3 Nf5 32. Nb1 Nd6 33. Nc3 Ra6 34. Nb1 Ra8 35. Kg2 Kg6 36. Nd2 Rh8 37. Nb1 h4 38. g4 f5 39. gxf5+ Kxf5 40. Nc3 b5 41. Na2 Nc4 42. Nb4 Re6 43. Nd3 g4 44. Nf4 Ree8 45. Kh2 Rhg8 46. hxg4+ Rxg4 47. Re1 Rxf4 0-1


[Site "https://www.chess.com"]

[Event "Titled Tuesday Blitz January 18 2022"]
[White "Kashefi, Amir Hosein"]
[Black "Korchmar, Vasiliy"]
[WhiteFideId "12557935"]
[BlackFideId "24131750"]
[WhiteElo "2098"]
[BlackElo "2370"]
[Result "1-0"]
[Round "07"]
[TimeControl "180+1"]
[Date "2022.01.18"]
[WhiteClock "0:00:05"]
[BlackClock "0:00:03"]

1. d4 Nf6 2. Nf3 c5 3. c3 g6 4. g3 Bg7 5. Bg2 O-O 6. O-O cxd4 7. cxd4 d5 8. Nc3 Ne4 9. Qb3 Nc6 10. e3 Na5 11. Qc2 Bf5 12. Nxe4 Bxe4 13. Qa4 Rc8 14. Bd2 Nc4 15. Bc3 Qb6 16. Rfc1 Nxb2 17. Qa3 Nd3 18. Rd1 Qc7 19. Bd2 e5 20. dxe5 Nxe5 21. Nxe5 Bxe5 22. Rac1 Qb6 23. Ba5 Qf6 24. Bxe4 dxe4 25. Bb4 Bb2 26. Rxc8 Rxc8 27. Qxa7 Qf3 28. Rf1 h5 29. Qxb7 Qg4 30. Be7 Be5 31. a4 Rb8 32. Qc6 h4 33. Bxh4 g5 34. Bxg5 Qxg5 35. Qxe4 Bg7 36. Rb1 Rd8 37. Rb5 Qf6 38. Kg2 Rd2 39. Rf5 Qd8 40. a5 Rd7 41. a6 Ra7 42. Qc4 Qa8+ 43. Qd5 Rxa6 44. Qxa8+ Rxa8 45. h4 Rd8 46. Rf4 Rd6 47. Rf3 Bh6 48. Rf5 Re6 49. Rb5 Bf8 50. Rb1 Kg7 51. Re1 Bd6 52. Re2 Bb4 53. Rc2 Be7 54. Rc4 Bf8 55. Rg4+ Kh8 56. Rf4 Kg8 57. Rc4 Bg7 58. e4 Rd6 59. f4 Rd2+ 60. Kf3 Rd3+ 61. Kg4 Bd4 62. Rc8+ Kg7 63. Rd8 1-0


[Site "https://www.chess.com"]